 Dungeon Crawl Stone Soup version 0.30-a0-953-g5f1da4a474 (webtiles) character file.

Game seed: 5032706255100794307

82 sanka the Insei (level 4, 0/38 HPs)
             Began as a Draconian Monk on Mar 28, 2023.
             Slain by Pargi (5 damage)
             ... in a sewer.
             The game lasted 00:02:57 (1763 turns).

sanka the Insei (Draconian Monk)                    Turns: 1763, Time: 00:02:58

Health: 0/38       AC:  5    Str: 14    XL:     4   Next: 21%
Magic:  0/4        EV: 12    Int: 22    God:
Gold:   160        SH:  0    Dex: 15    Spells: 3/3 levels left

rFire   . . .      SeeInvis .      - Unarmed
rCold   . . .      Faith    .    (no shield)
rNeg    . . .      Spirit   +    (body armour unavailable)
rPois   .          Reflect  .    (helmet restricted)
rElec   .          Rampage  .    (no cloak)
rCorr   .                        (no gloves)
Will    .....                    (no boots)
Stlth   ++                       n - amulet of guardian spirit
HPRegen 0.26/turn                h - +6 ring of intelligence
MPRegen 0.09/turn                f - +6 ring of intelligence

@: brilliant
A: AC +5, unfitting armour, cold-blooded
a: no special abilities


You were in a sewer.
You visited 1 branch of the dungeon, and saw 3 of its levels.
You also visited: Sewer.

You collected 160 gold pieces.


Innate Abilities, Weirdness & Mutations

Your plain brown scales are hard. (AC +5)
You cannot fit into any form of body armour.
You are cold-blooded and may be slowed by cold attacks.


   Skills:
 - Level 3.2 Fighting
 - Level 2.6 Dodging
 - Level 1.7 Stealth
 + Level 5.1 Unarmed Combat


You had 3 spell levels left.
You didn't know any spells.
Your spell library contained the following spells:

 Spells                   Type           Power      Damage    Failure   Level
 Sting                    Tmut/Pois      0%         1d3       17%         1
 Poisonous Vapours        Pois/Air       0%         N/A       26%         2
 Olgreb's Toxic Radiance  Pois           0%         N/A       86%         4
 Blade Hands              Tmut           0%         N/A       99%         5
 Iron Shot                Conj/Erth      0%         9d1       100%        6
 Animate Armour           Summ/Erth      Unusable   N/A       N/A         4

Inventory:

Jewellery
 f - a +6 ring of intelligence (right hand)
 h - a +6 ring of intelligence (left hand)
 n - an amulet of guardian spirit (around neck)
Scrolls
 c - 2 scrolls of blinking {unknown}
 d - 3 scrolls of identify {unknown}
 i - a scroll of fog {unknown}
 l - 2 scrolls of teleportation {unknown}
 o - a scroll of vulnerability {unknown}
 q - a scroll of amnesia {unknown}
Potions
 b - a potion of mutation {unknown}
 e - a potion of attraction {unknown}
 g - a potion of cancellation {unknown}
 j - a potion of haste {unknown}
 k - a potion of brilliance
 m - a potion of lignification {unknown}
 p - a potion of magic {unknown}

Dungeon Overview and Level Annotations

Branches:
Dungeon (3/15)              Sewer (1/1)

Altars:

Annotations:
D:2 Sigmund, Terence Sewer Pargi

~≈~▒ ~≈~▒
~≈~▒ ~≈~▒
~≈~▒
▒▒▒▒▒▒▒▒▒▒
▒..T.~≈~.+
▒▒▒▒d~≈~.▒
▒▒▒▒.~≈~.▒
▒.)'.~≈~.+
▒▒▒▒.~≈~.▒
▒▒▒▒.~≈~.▒
▒..'.~≈~.+
▒▒▒▒.~≈~.▒
▒▒▒▒.~≈~.▒▒▒▒
▒..'..∩....∩▒


You could see Pargi.


Message History

Pargi misses you. Pargi claws you but does no damage.
Unknown command.
You miss Pargi.
Pargi is severely wounded.
Pargi snarls, "My home!
Leave!"
Pargi completely misses you. Pargi misses you. Pargi barely misses you.
Unknown command.
You hit Pargi but do no damage.
Pargi is severely wounded.
Unknown command.
You hit Pargi.
Pargi is severely wounded.
Pargi bites you but does no damage. Pargi barely misses you.
Pargi claws you but does no damage.
Unknown command.
You hit Pargi.
Pargi is almost dead.
Pargi bites you.
* * * LOW HITPOINT WARNING * * *
Pargi claws you but does no damage. Pargi closely misses you.
Unknown command.
You barely miss Pargi.
Pargi is almost dead.
Pargi bites you!
You die...

Action                     |  1- 3 |  4- 6 || total
---------------------------+-------+-------++-------
  Melee: Unarmed           |   132 |    46 ||   178
         Tailslap          |    11 |     9 ||    20
         Punch             |     1 |     1 ||     2
    Use: Potion            |       |     2 ||     2
   Stab: Sleeping          |     2 |     1 ||     3
 Armour: Skin              |    33 |    27 ||    60
  Dodge: Dodged            |    86 |    47 ||   133

Levels and vault maps discovered:
D:1:      spicycebolla_green_bress_n_ham, layout_rooms,
          hellmonk_ecumenical_altar_watching_god
D:2:      layout_loops_ring, ebering_dispersal_statue_hall, uniq_sigmund,
          uniq_terence
D:3:      layout_loops_cross, doesnt_xom_only_xom, gup_sewer_entry_pipe
Sewer:    kennysheep_door_sewer

Notes
Turn   | Place    | Note
-------+----------+-------------------------------------------
     0 | D:1      | sanka the Draconian Monk began the quest for the Orb.
     0 | D:1      | Reached XP level 1. HP: 19/19 MP: 1/1
    31 | D:1      | Found a faded altar of an unknown god.
    32 | D:1      | Noticed a floating eye
    33 | D:1      | Noticed a floating eye
    34 | D:1      | Noticed a great orb of eyes
    34 | D:1      | Noticed a golden eye
   209 | D:1      | Reached XP level 2. HP: 25/26 MP: 2/2
   556 | D:2      | Noticed Terence
   585 | D:2      | Reached skill level 4 in Unarmed Combat
   637 | D:2      | Reached XP level 3. HP: 21/31 MP: 3/3
   975 | D:2      | Noticed Sigmund
  1658 | D:3      | Found a glowing drain.
  1665 | D:3      | Reached XP level 4. HP: 38/38 MP: 4/4
  1681 | D:3      | Reached skill level 5 in Unarmed Combat
  1714 | Sewer    | Entered a sewer
  1735 | Sewer    | Noticed Pargi
  1763 | Sewer    | Slain by Pargi

Vanquished Creatures
  4 adders
  A worm (D:2)
  An orc (D:3)
  3 bats
  4 endoplasms
  3 giant cockroaches (D:3)
  4 goblins
  A hobgoblin (D:2)
  5 quokkas
  6 ball pythons
  A frilled lizard (D:1)
  4 kobolds
  4 rats
41 creatures vanquished.
